 Dungeon Crawl Stone Soup version 0.28-a0-704-g4d584c6bc1 (webtiles) character file.

Game seed: 11830241923929290439

16 MacCMillion the Firebug (level 2, 0/20 HPs)
             Began as a Hill Orc Fire Elementalist on Oct 24, 2021.
             Slain by a worm (11 damage)
             ... on level 1 of the Dungeon.
             The game lasted 00:05:10 (1486 turns).

MacCMillion the Firebug (HOFE)                      Turns: 1486, Time: 00:05:11

Health: 0/20       AC:  2    Str: 10    XL:     2   Next: 58%
Magic:  1/4        EV: 12    Int: 15    God:
Gold:   23         SH:  0    Dex: 11    Spells: 1/4 levels left

rFire   . . .      SeeInvis .   h - +0 short sword
rCold   . . .      Faith    .   (no shield)
rNeg    . . .      Spirit   .   a - +0 robe
rPois   .          Reflect  .   (no helmet)
rElec   .          Harm     .   (no cloak)
rCorr   .          Rampage  .   (no gloves)
Will    .....                   (no boots)
Stlth   ++........              (no amulet)
HPRegen 0.06/turn               (no ring)
MPRegen 0.09/turn               (no ring)

@: very slightly contaminated
A: no striking features
a: no special abilities


You were on level 1 of the Dungeon.
You visited 1 branch of the dungeon, and saw 2 of its levels.

You collected 23 gold pieces.

Inventory:

Hand Weapons
 h - a +0 short sword (weapon)
Armour
 a - a +0 robe (worn)
Jewellery
 d - a +4 ring of evasion
Scrolls
 b - a scroll of teleportation {unknown}
 c - a scroll of amnesia {unknown}
 e - a scroll of brand weapon {unknown}
 f - a scroll of identify {unknown}
 g - a scroll of enchant weapon {unknown}


   Skills:
 + Level 1.7 Dodging
 + Level 1.6 Stealth
 + Level 1.6 Spellcasting
 + Level 1.0 Conjurations
 + Level 4.0 Fire Magic


You had one spell level left.
You knew the following spells:

 Your Spells              Type           Power      Damage    Failure   Level
a - Foxfire               Conj/Fire      32%        2x1d5     9%          1
b - Scorch                Fire           26%        2d6       7%          2

Your spell library contained the following spells:

 Spells                   Type           Power      Damage    Failure   Level
 Conjure Flame            Conj/Fire      8%         6-21      24%         3
 Inner Flame              Hex/Fire       7%         N/A       30%         3
 Flame Wave               Conj/Fire      8%         3d4       63%         4


Dungeon Overview and Level Annotations

Branches:
Dungeon (2/15)

Altars:

Shops:
D:1 [[[([


Message History

A worm is nearby!
A worm is nearby!
The worm barely misses you.
You see here a +0 short sword.
h - a +0 short sword
h - a +0 short sword (weapon)
You see here 24 stones.
Flames lash the worm.
The worm is moderately wounded.
The worm's fire resistance burns away.
Casting: Scorch (safe; 7% risk of failure)
Confirm with . or Enter, or press ? or * to list all spells.
You conjure some foxfire!
Casting: Foxfire (safe; 9% risk of failure)
Confirm with . or Enter, or press ? or * to list all spells.
You miscast Foxfire.
You are very lightly contaminated with residual magic.
Nothing appears to happen.
The worm is no longer more vulnerable to fire.
The foxfire hits the worm.
The worm is heavily wounded.
The foxfire hits the worm.
The worm is heavily wounded.
The worm barely misses you.
You hit the worm but do no damage.
The worm is heavily wounded.
The worm closely misses you.
You hit the worm.
The worm is heavily wounded.
You hit the worm.
The worm is severely wounded.
The worm bites you.
You hit the worm.
The worm is severely wounded.
The worm bites you.
You hit the worm.
The worm is almost dead.
The worm bites you!
Ouch! That really hurt!
You die...

####### #######
#.....# #......
##.###.# #####.####.
#...##.# #.....####.
#.#..#.####.#......#.
#..>.....w....#.##.#.
##.###.####>###.##.#.
###....(# #..........
#....@w.# ########.##
#.#.###.##########....
#....##.#......##..###
#....##.#......##.....
#....##.#......##.####
#.......#......##.#
####.####......##.#
#.w..........##.#
###..###.......##.#


You could see a worm.

Vanquished Creatures
  A dart slug (D:1)
  2 ball pythons (D:1)
  2 endoplasms (D:1)
  2 goblins
  2 kobolds (D:1)
  2 bats
  A frilled lizard (D:1)
  A rat (D:1)
13 creatures vanquished.

Vanquished Creatures (others)
  38 foxfires
38 creatures vanquished.

Grand Total: 51 creatures vanquished

Notes
Turn   | Place    | Note
-------+----------+-------------------------------------------
     0 | D:1      | MacCMillion the Hill Orc Fire Elementalist began the quest
                  | for the Orb.
     0 | D:1      | Reached XP level 1. HP: 14/14 MP: 3/3
    22 | D:1      | Found Acku Vai's Weapon Emporium.
   156 | D:1      | Found Uxteageh's Armour Emporium.
   332 | D:1      | Found Iwoll's Armour Boutique.
   381 | D:1      | Reached XP level 2. HP: 20/20 MP: 2/4
   408 | D:1      | Found Xionep's Armour Shop.
   488 | D:1      | Learned a level 2 spell: Scorch
   567 | D:1      | Found Rydir's Antique Armour Shop.
   712 | D:1      | Found a faded altar of an unknown god.
  1236 | D:2      | Reached skill level 4 in Fire Magic
  1486 | D:1      | Slain by a worm

Illustrated notes

Levels and vault maps discovered:
D:1:      tarquinn_simple_flora_water_a, layout_loops_cross,
          dilly_ecumenical_altar_fadedgnrine, serial_shops, shop, shop, shop,
          shop, shop_fountains
D:2:      layout_basic, uniq_natasha

Skill      XL: |  1  2 |
---------------+-------+-----
Fire Magic     | 4 |  4.0
Dodging        | |  1.7
Stealth        | |  1.6
Spellcasting   | |  1.6
Conjurations   | |  1.0

Action                   || total
-------------------------++-------
Melee: Unarmed           ||    10
       Short sword       ||     5
 Cast: Foxfire           ||    23
       Scorch            ||     9
Armor: Robe              ||     1
Dodge: Dodged            ||    15

Table legend: (Time is in decaauts)
 A = Elapsed time spent in this place.
 B = Non-inter-level travel time spent in this place.
 C = Inter-level travel time spent in this place.
 D = Time resting spent in this place.
 E = Time spent auto-exploring this place.
 F = Levels seen in this place.
 G = Mean time per level.
                   A        B        C        D        E       F      G
               +--------+--------+--------+--------+--------+-----+--------+
         Total |   1487 |   1441 |     46 |    202 |    901 |   2 |  743.5 |
       Dungeon |   1487 |   1441 |     46 |    202 |    901 |   2 |  743.5 |
               +--------+--------+--------+--------+--------+-----+--------+

Top non-repeatable levels by time:
     D:1: 1432 daAuts
     D:2: 54 daAuts
